 Dungeon Crawl Stone Soup version 0.30.0-15-g856e2d3f33 (webtiles) character file.

Game seed: 8357978756695144991

74 javelincjr the Firebug (level 4, -3/30 HPs)
             Began as a Demonspawn Fire Elementalist on May 19, 2023.
             Slain by a gnoll
             ... wielding a +0 halberd
              (6 damage)
             ... on level 2 of the Dungeon on May 20, 2023.
             The game lasted 00:05:09 (1620 turns).

javelincjr the Firebug (DsFE)                       Turns: 1620, Time: 00:05:10

Health: -3/30      AC:  6    Str: 14    XL:     4   Next: 9%
Magic:  3/7        EV: 12    Int: 18    God:
Gold:   128        SH:  0    Dex: 14    Spells: 7/8 levels left

rFire   + . .        n - +6 mace (protect)
rCold   + . .        (no shield)
rNeg    . . .        a - +0 robe
rPois   +            (no helmet)
rElec   +            (no cloak)
rCorr   +            k - +2 pair of gloves
SInv    .            (no boots)
Will    .....        o - amulet of the acrobat
Stlth   ++           f - +6 ring of strength
HPRegen 0.25/turn    (no ring)
MPRegen 0.10/turn

%: acrobat
@: resistant
A: rugged brown scales 1, weakness stinger 1
a: no special abilities


You were on level 2 of the Dungeon.
You visited 1 branch of the dungeon, and saw 2 of its levels.

You collected 128 gold pieces.

Inventory:

Hand Weapons
 g - a +0 dagger
 n - a +6 mace of protection (weapon)
Missiles
 i - 7 atropa-tipped darts
Armour
 a - a +0 robe (worn)
 k - a +2 pair of gloves (worn)
Jewellery
 f - a +6 ring of strength (left hand)
 o - an amulet of the acrobat (around neck)
Scrolls
 d - a scroll of fear {unknown}
 e - a scroll of magic mapping
 j - 4 scrolls of identify {unknown}
Potions
 b - a potion of magic
 h - 2 potions of mutation {unknown}
 l - a potion of flight {unknown}


   Skills:
 + Level 0.0 Fighting
 + Level 0.0 Maces & Flails
 + Level 2.3 Dodging
 + Level 2.4 Stealth
 + Level 2.5 Spellcasting
 + Level 1.8 Conjurations
 + Level 3.1 Fire Magic


You had 7 spell levels left.
You knew the following spells:

 Your Spells              Type           Power      Damage    Failure   Level
a - Foxfire               Conj/Fire      44%        2x1d6     6%          1

Your spell library contained the following spells:

 Spells                   Type           Power      Damage    Failure   Level
 Scorch                   Fire           26%        2d6       7%          2
 Inner Flame              Hex/Fire       7%         N/A       26%         3
 Volatile Blastmotes      Fire/Tloc      14%        2d11      26%         3
 Flame Wave               Conj/Fire      11%        2d6       52%         4


Dungeon Overview and Level Annotations

Branches:
Dungeon (2/15)

Altars:

Shops:
D:1 [


Innate Abilities, Weirdness & Mutations

You are partially covered in rugged brown scales. (AC +1, +3% HP)
You have a small tail.


Message History

The foxfire hits the gnoll but does no damage.
A gnoll comes into view. It is wielding a +0 spear.
The gnoll misses you. The gnoll hits you with a +0 whip!
You conjure some foxfire!
The foxfire hits the gnoll.
The gnoll is moderately wounded.
The foxfire hits the gnoll but does no damage.
The gnoll is moderately wounded.
The gnoll hits you but does no damage. The gnoll closely misses you. x2
The gnoll hits you with a +0 whip!
You are too injured to fight recklessly!
Casting: Foxfire (safe; 6% risk of failure)
Confirm with . or Enter, or press ? or * to list all spells.
You conjure some foxfire!
The foxfire hits the gnoll.
The gnoll is moderately wounded.
The foxfire hits the gnoll but does no damage.
The gnoll is moderately wounded.
The gnoll hits you from afar with a +0 spear.
The gnoll hits you with a +0 whip.
* * * LOW HITPOINT WARNING * * *
The gnoll misses you. The gnoll closely misses you.
The foxfire hits the gnoll but does no damage.
The foxfire hits the gnoll.
The gnoll is moderately wounded.
As you read the scroll labelled SAULUO EDGHAN, it crumbles to dust.
You feel aware of your surroundings.
It was a scroll of magic mapping.
The gnoll misses you. The gnoll hits you but does no damage.
The gnoll hits you from afar with a +0 spear.
* * * LOW HITPOINT WARNING * * *
The gnoll hits you with a +0 whip.
* * * LOW HITPOINT WARNING * * *
The gnoll throws a stone.
The stone misses you.
As you read the scroll labelled GODORR RYESUO, it crumbles to dust.
It is a scroll of amnesia.
Really abort (and waste the scroll)?
Okay, then.
The gnoll closely misses you. The gnoll misses you.
It was a potion of resistance.
You feel protected.
The gnoll hits you from afar with a +0 halberd.
You die...

**,*,*,,,,,,,,,,* *,*
,,,,,,,,,,,,,,,,*****,*
**********<,,,,,,,,,,,*
****** *,,,,,,,,,,***
,,,,,* *,,,,,,,,,,* ,<,,,*
**,********** ,,,,,****,,*
############
***,*,,,,,****#..g.......#
**#..,,*,,,,,*#.@gg......#
*#<..*,,,*****####g......#
*..#,,**,,,,,,,,,..##....#
#.##.,*********#####*,...#
....#,,,,,,,,,..,,,,,,*..#
.#**#####****##********,.#
.# #...,,,,..,,,,,,,,*,,#
.####.##########*****,,,**
......##........,,,******


You could see 4 gnolls.

Vanquished Creatures
  Terence (D:2)
  An adder (D:2)
  3 dart slugs
  A bat (D:1)
  3 endoplasms
  A giant cockroach (D:1)
  6 goblins
  3 hobgoblins
  A kobold (D:1)
  4 quokkas
  A frilled lizard (D:1)
  6 rats (D:1)
31 creatures vanquished.

Vanquished Creatures (others)
  100 foxfires
100 creatures vanquished.

Grand Total: 131 creatures vanquished

Notes
Turn   | Place    | Note
-------+----------+-------------------------------------------
     0 | D:1      | javelincjr the Demonspawn Fire Elementalist began the quest
                  | for the Orb.
     0 | D:1      | Reached XP level 1. HP: 13/13 MP: 3/3
   418 | D:1      | Gained mutation: You are partially covered in rugged brown
                  | scales. (AC +1, +3% HP) [demonic ancestry]
   418 | D:1      | Reached XP level 2. HP: 13/19 MP: 1/5
   918 | D:1      | You fall into a shaft and drop 1 floor!
   926 | D:2      | Reached XP level 3. HP: 24/24 MP: 0/6
  1164 | D:1      | Found Lakogiol's Antique Armour Shoppe.
  1303 | D:2      | Reached skill level 3 in Fire Magic
  1429 | D:2      | Noticed Terence
  1438 | D:2      | Killed Terence
  1450 | D:2      | Gained mutation: You have a small tail. [demonic ancestry]
  1450 | D:2      | Reached XP level 4. HP: 19/30 MP: 0/7
  1620 | D:2      | Slain by a gnoll

Illustrated notes

Levels and vault maps discovered:
D:1:      dpeg_arrival_circle_labyrinth_a, layout_basic, serial_shops, shop
D:2:      layout_rooms, serial_co_window_serial, co_window_paths_b,
          co_window_of_opportunity_a, co_window_cross_1, co_window_paths_a,
          co_window_corner_a, co_window_corner_a, co_window_of_opportunity_a,
          co_window_2corner, co_window_2corner, co_window_corner_b,
          co_window_of_opportunity_b, co_window_paths_d, glass_columns_c,
          glass_columns_a, glass_columns_a, uniq_terence

Skill      XL: |  1  2  3 |
---------------+----------+-----
Stealth        | 2 |  2.4
Dodging        | 2 |  2.3
Fire Magic     | 3 |  3.1
Spellcasting   | |  2.5
Conjurations   | |  1.8

Action                     |  1- 3 |  4- 6 || total
---------------------------+-------+-------++-------
  Melee: Dagger            |    43 |       ||    43
         Unarmed           |     8 |       ||     8
         Mace              |       |     1 ||     1
   Cast: Foxfire           |    54 |     4 ||    58
    Use: Scroll            |       |     2 ||     2
         Potion            |       |     1 ||     1
   Stab: Sleeping          |       |     1 ||     1
 Armour: Robe              |    13 |     2 ||    15
  Dodge: Dodged            |    29 |     9 ||    38
